 Dungeon Crawl Stone Soup version 0.30-a0-652-gcc886f7154 (webtiles) character file.

Game seed: 4394726925971208090

58303 browni3141 the Basher (level 14, -1/95 HPs)
             Began as a Mummy Necromancer on Jan 18, 2023.
             Was a High Priest of Nemelex Xobeh.
             Killed from afar by a hell hound (24 damage)
             ... with a blast of flame
             ... on level 5 of the Lair of Beasts.
             The game lasted 01:20:59 (22616 turns).

browni3141 the Basher (Mummy Necromancer)          Turns: 22616, Time: 01:21:00

Health: -1/95      AC: -3    Str: 11    XL:     14   Next: 49%
Magic:  16/22      EV: 14    Int: 19    God:    Nemelex Xobeh [*****.]
Gold:   1710       SH:  6    Dex: 19    Spells: 8/21 levels left

rFire   . . .      SeeInvis .    t - +5 flail (heavy)
rCold   + + .      Faith    +    r - +0 buckler
rNeg    + + +      Spirit   .    u - +2 leather armour {rF+}
rPois   ∞          Reflect  .    z - +1 helmet
rElec   .          Harm     .    l - +1 cloak
rCorr   .          Rampage  .    (no gloves)
Will    +....                    (no boots)
Stlth   +++++                    D - amulet of regeneration
HPRegen 1.15/turn                j - ring of protection from cold
MPRegen 0.18/turn                y - +6 ring of dexterity

@: corroded, animating dead, studying 2 skills
A: cold resistance 1, negative energy resistance 3, torment resistance 2, heat
vulnerability 1, in touch with death 2, no potions, faith
a: Renounce Religion, Draw Escape, Draw Destruction, Draw Summoning, Triple
Draw, Deal Four, Stack Five


You were on level 5 of the Lair of Beasts.
You worshipped Nemelex Xobeh.
Nemelex Xobeh was extremely pleased with you.
You visited 3 branches of the dungeon, and saw 17 of its levels.
You also visited: Ossuary.

You collected 1710 gold pieces.

Inventory:

Hand Weapons
 a - a +1 whip of electrocution
 b - a +0 dagger of venom
 t - a +5 heavy flail (weapon)
 B - the +9 long sword of Dull Tenacity {drain, +Blink rCorr Dex+6 SInv}
   (You took it off a tengu warrior on level 9 of the Dungeon)

   Dex:       It affects your dexterity (+6).
   SInv:      It lets you see invisible.
   +Blink:    It lets you blink.
   rCorr:     It protects you from acid and corrosion.
Missiles
 v - 5 throwing nets
 A - a curare-tipped dart
Armour
 k - a +0 robe
 l - a +1 cloak (worn)
 r - a +0 buckler (worn)
 u - a +2 leather armour of fire resistance (worn)
 z - a +1 helmet (worn)
 G - the +0 pair of gloves of Lyxkocw {rC+++ Int-5 SInv Stlth+}
   (You found it on level 10 of the Dungeon)

   Int:       It affects your intelligence (-5).
   rC:        It renders you almost immune to cold.
   SInv:      It lets you see invisible.
   Stlth:     It makes you more stealthy.
Jewellery
 f - a ring of flight
 j - a ring of protection from cold (left hand)
 p - a ring of ice
 y - a +6 ring of dexterity (right hand)
 D - an amulet of regeneration (around neck)
Wands
 n - a wand of quicksilver (9)
 s - a wand of flame (7)
 J - a wand of polymorph (12)
 N - a wand of roots (24)
Scrolls
 c - 2 scrolls of torment
 d - 4 scrolls of teleportation
 e - 2 scrolls of immolation
 g - 6 scrolls of fog
 h - 2 scrolls of vulnerability
 i - 4 scrolls of enchant armour
 m - 4 scrolls of noise
 o - a scroll of magic mapping {unknown}
 q - 8 scrolls of poison
 w - a scroll of fear {unknown}
 x - a scroll of brand weapon {unknown}
 C - a scroll of silence {unknown}
 E - 4 scrolls of acquirement {unknown}
 F - a scroll of enchant weapon {unknown}
 I - a scroll of blinking
 K - a scroll of amnesia {unknown}
 L - 5 scrolls of identify
Miscellaneous
 H - a condenser vane
 M - a phantom mirror


   Skills:
 - Level 4.0 Fighting
 + Level 13.7 Maces & Flails
 - Level 6.0 Dodging
 - Level 12.0 Stealth
 - Level 4.0 Shields
 - Level 4.0 Spellcasting
 - Level 10.0 Necromancy
 * Level 11.1 Invocations
 - Level 5.0 Evocations


You had 8 spell levels left.
You knew the following spells:

 Your Spells              Type           Power      Damage    Failure   Level
a - Necrotise             Necr           100%       1d9       1%          1
b - Vampiric Draining     Necr           76%        2d11      1%          3
c - Animate Dead          Necr           76%        N/A       3%          4
d - Agony                 Necr           76%        N/A       11%         5

Your spell library contained the following spells:

 Spells                   Type           Power      Damage    Failure   Level
 Magic Dart               Conj           12%        1d3       24%         1
 Blink                    Tloc           6%         N/A       34%         2
 Ensorcelled Hibernation  Hex/Ice        6%         N/A       34%         2
 Passwall                 Tmut/Erth      2%         N/A       34%         2
 Poisonous Vapours        Pois/Air       6%         N/A       34%         2
 Searing Ray              Conj           6%         2d4       34%         2
 Dazzling Flash           Conj/Hex       6%         N/A       56%         3
 Frozen Ramparts          Ice            6%         1d1       56%         3
 Portal Projectile        Hex/Tloc       6%         N/A       56%         3
 Stone Arrow              Conj/Erth      6%         3d7       56%         3
 Summon Guardian Golem    Hex/Summ       3%         N/A       56%         3
 Swiftness                Air            3%         N/A       56%         3
 Tukima's Dance           Hex            3%         N/A       56%         3
 Animate Armour           Summ/Erth      6%         N/A       93%         4
 Fulminant Prism          Conj/Hex       1%         3d5       93%         4
 Manifold Assault         Tloc           3%         N/A       93%         4
 Petrify                  Tmut/Erth      3%         N/A       93%         4
 Summon Ice Beast         Ice/Summ       3%         N/A       93%         4
 Irradiate                Conj/Tmut      1%         3d12      100%        5
 Silence                  Hex/Air        1%         N/A       100%        5
 Lehudib's Crystal Spear  Conj/Erth      1%         10d2      100%        8
 Maxwell's Capacitive Co  Air            1%         ∞         100%        8
 Sublimation of Blood     Necr           Unusable   N/A       N/A         2
 Ice Form                 Ice/Tmut       Unusable   N/A       N/A         4
 Blade Hands              Tmut           Unusable   N/A       N/A         5

Dungeon Overview and Level Annotations

Branches:
Dungeon (11/15)            Temple (1/1) D:5            Lair (5/5) D:9
 Shoals (0/4) Lair:3       Spider (0/4) Lair:3          Orc (0/2) D:11
Ossuary (visited)
  Slime: Lair:4-5

Altars:
Ashenzari
Cheibriados
Dithmenos
Fedhas
Gozag
Hepliaklqana
Kikubaaqudgha
Makhleb
Nemelex Xobeh
Okawaru
Qazlal
Ru
Sif Muna
Trog
Uskayaw
Vehumet
Wu Jian
Xom
Yredelemnul

Annotations:
D:5 1 runed translucent door, Crazy Yiuf
D:10 1 runed translucent door
D:11 Harold
Lair:4 3 runed translucent doors, exclusions: downstairs and oklob plant, Catyentaxio's ghost, journeyman MfBe


Innate Abilities, Weirdness & Mutations

You are immune to poison.
Your flesh is cold resistant. (rC+)
You are immune to negative energy. (rN+++)
You are immune to unholy pain and torment.
You are vulnerable to heat. (rF-)
You are strongly in touch with the powers of death.
You do not drink.
You have a special connection with the divine. (Faith)


Message History

The hell hound breathes flames at you.
The blast of flame hits your wolf zombie!
The blast of flame hits your hog zombie!
Your hog zombie is destroyed!
The blast of flame hits your wolf zombie!
The blast of flame misses you.
The blast of flame hits your black mamba zombie!!
Your wolf zombie misses the warg.
You block the entropy weaver's attack.
The entropy weaver closely misses you. x3
The hell hound bites your wolf zombie!
Your wolf zombie is destroyed!
The warg bites your wolf zombie!
Your rime drake zombie misses the warg.
Your worm zombie misses the warg.
You completely miss the entropy weaver.
The entropy weaver is almost dead.
Your wolf zombie bites the warg.
A warg comes into view.
The entropy weaver gestures at you while chanting.
The entropic weave corrodes you! The warg bites your wolf zombie.
Your wolf zombie closely misses the warg.
Your rime drake zombie bites the warg.
You barely miss the entropy weaver.
The entropy weaver is almost dead.
The warg bites your wolf zombie.
Your wolf zombie bites the warg.
The entropy weaver hits you! The entropy weaver hits you. x2
You block the entropy weaver's attack. The warg bites your wolf zombie.
The entropy weaver misses you. The entropy weaver hits you.
The entropy weaver hits you!
* * * LOW HITPOINT WARNING * * *
You block the entropy weaver's attack.
You swap places.
Something closely misses your black mamba zombie. x2
Something hits your black mamba zombie. x2
The hell hound breathes flames at you.
The blast of flame hits your worm zombie!
The blast of flame hits the warg.
The blast of flame hits your black mamba zombie!!
The blast of flame hits you!!
You die...
Your body glows slightly and disappears.

#..† ## . #.... ##.#..
..... ##...... (..h.#
##....... #....h #....#
...Z#####..#
##.h#B##..#######
#..##..ZZ#Z†..#...#.####
#....ZZZ@#Z†......#...###
...###....#.#...†........#
#$...#.##.#.#.#.....#.
##..#P##########..†#..
###### ####.†. ##... #..Z.
#P..P. .......


You could see 2 wargs, a hell hound (catching breath, ally target), a friendly
water moccasin zombie, a friendly black mamba zombie, a friendly wolf zombie, a
friendly blink frog zombie, a friendly worm zombie, a friendly rime drake zombie
and a friendly unseen horror zombie.

Vanquished Creatures
  A death knight (D:10)
  2 centaur warriors (D:10)
  3 two-headed ogres
  A satyr (Lair:4)
  2 boulder beetles
  2 tengu warriors (D:10)
  A fire crab (Lair:3)
  A skeletal warrior (D:11)
  An orc knight (D:10)
  A deep elf pyromancer (D:10)
  A salamander (Lair:3)
  A cyclops (D:11)
  A manticore (D:11)
  9 elephants
  4 black mambas
  4 rime drakes
  4 komodo dragons
  11 cane toads
  A kobold demonologist (D:9)
  3 unseen horrors
  2 polar bears (Lair:5)
  A dream sheep (Lair:4)
  2 hornets (Lair:3)
  4 blink frogs
  3 wyverns
  8 spriggans (Lair:3)
  A hog (Lair:5)
  29 yaks
  A redback (Lair:3)
  3 basilisks
  Edmund (D:5)
  A warg (Lair:5)
  A hell hound (Lair:5)
  4 black bears
  6 water moccasins
  A sky beast (D:7)
  4 orc warriors
  4 ice beasts
  13 wolves
  2 boggarts (Lair:3)
  9 ogres
  6 centaurs
  2 elf zombies (D:7)
  A phantom (D:4)
  Blork the orc (D:5)
  3 kobold brigands
  8 bullfrogs
  12 scorpions
  2 necrophages (D:7)
  A gnoll sergeant (D:10)
  16 wights
  A yak zombie (Lair:5)
  8 killer bees
  5 electric eels
  7 howler monkeys
  The ghost of astrocodex43 the Sneak, a weakling OpHW (D:5)
  A centaur zombie (Ossuary)
  4 jellies
  A hound (D:6)
  3 human zombies (Ossuary)
  3 gnoll boudas
  7 orc priests
  A human skeleton (D:7)
  5 iguanas
  9 orc wizards
  6 scorpion zombies (Ossuary)
  2 hell rats (Lair:4)
  3 mummies (Ossuary)
  A howler monkey zombie (D:11)
  10 adders
  19 gnolls
  2 white imps
  2 worms
  4 dart slugs
  32 orcs
  5 bats
  10 endoplasms
  3 giant cockroaches
  2 gnoll zombies (Ossuary)
  3 goblins
  9 hobgoblins
  9 jackals (D:2)
  2 quokkas
  4 ball pythons
  8 frilled lizards
  3 goblin zombies (Ossuary)
  2 hobgoblin zombies (Ossuary)
  24 kobolds
  3 kobold zombies (Ossuary)
  An orc skeleton (D:7)
  5 orc zombies
  3 rats
  A butterfly (Lair:4)
440 creatures vanquished.

Vanquished Creatures (collateral kills)
  2 hydras
  A tengu warrior (D:9)
  A boulder beetle (Lair:5)
  An anaconda (Lair:5)
  A death yak (Lair:3)
  Lodul (D:11)
  A skeletal warrior (D:11)
  10 elephants
  A gargoyle (D:9)
  2 black mambas
  5 cane toads
  An unseen horror (D:10)
  3 komodo dragons
  A hornet (Lair:3)
  A polar bear (Lair:5)
  3 dream sheep (Lair:4)
  4 spriggans (Lair:3)
  17 yaks
  6 basilisks
  Grum (D:9)
  6 water moccasins
  3 hell hounds (Lair:5)
  3 orc warriors
  7 black bears
  An ogre (D:11)
  A boggart (Lair:3)
  8 wolves
  4 bullfrogs
  A howler monkey (Lair:3)
  3 hell rats (Lair:5)
  2 orc wizards (D:8)
  2 adders (D:2)
  4 orcs
  A jackal (D:2)
  A goblin (D:1)
110 creatures vanquished.

Vanquished Creatures (others)
  A centaur zombie (D:10)
  2 hydra zombies
  A polar bear (Lair:5)
  5 cane toad zombies
  A dream sheep zombie (Lair:4)
  5 elephant zombies
  3 blink frog zombies (Lair:3)
  A hog zombie (Lair:5)
  3 water moccasin zombies
  A cyclops zombie (D:11)
  14 yak zombies
  8 wolf zombies
  2 bullfrog zombies
  A black bear zombie (Lair:2)
  3 ogre zombies (D:11)
  A howler monkey zombie (D:11)
  A gnoll zombie (D:10)
  4 orc zombies
  A bush (Lair:4)
  26 fungi
  58 plants
142 creatures vanquished.

Grand Total: 692 creatures vanquished

Notes
Turn   | Place    | Note
-------+----------+-------------------------------------------
     0 | D:1      | browni3141 the Mummy Necromancer began the quest for the
                  | Orb.
     0 | D:1      | Reached XP level 1. HP: 13/13 MP: 4/4
   144 | D:1      | Reached XP level 2. HP: 16/19 MP: 5/5
  1045 | D:2      | Gained mutation: You are in touch with the powers of death.
                  | [Mummy growth]
  1045 | D:2      | Reached XP level 3. HP: 24/24 MP: 5/7
  1119 | D:2      | Learned a level 3 spell: Vampiric Draining
  1336 | D:2      | Reached XP level 4. HP: 30/30 MP: 7/9
  1760 | D:2      | Reached skill level 5 in Necromancy
  2311 | D:3      | Reached XP level 5. HP: 35/35 MP: 11/11
  2479 | D:3      | Found a blossoming altar of Fedhas.
  2994 | D:4      | Noticed an ice beast
  3000 | D:4      | Killed an ice beast
  3001 | D:4      | Reached XP level 6. HP: 41/41 MP: 7/12
  3353 | D:4      | Found a hazy altar of Hepliaklqana.
  3620 | D:5      | Entered Level 5 of the Dungeon
  3686 | D:5      | Found a runed translucent door.
  3687 | D:5      | Noticed Crazy Yiuf
  3772 | D:5      | Noticed Blork the orc
  3782 | D:5      | Killed Blork the orc
  3783 | D:5      | Reached skill level 1 in Shields
  3794 | D:5      | Noticed Edmund
  3968 | D:5      | Found a runed translucent door.
  3970 | D:5      | Noticed a wyvern
  3974 | D:5      | Killed a wyvern
  3975 | D:5      | Reached XP level 7. HP: 21/46 MP: 7/13
  4264 | D:5      | Reached skill level 1 in Fighting
  4264 | D:5      | Reached skill level 1 in Evocations
  4388 | D:5      | Found a staircase to the Ecumenical Temple.
  4410 | Temple   | Entered the Ecumenical Temple
  4716 | Temple   | Became a worshipper of Nemelex Xobeh the Trickster
  4932 | D:4      | Reached skill level 1 in Invocations
  5059 | D:5      | Noticed astrocodex43's ghost (weakling OpHW)
  5083 | D:5      | Killed astrocodex43's ghost
  5133 | D:5      | Reached XP level 8. HP: 31/56 MP: 6/14
  5228 | D:5      | Killed Edmund
  5868 | D:6      | Reached skill level 1 in Maces & Flails
  6346 | D:6      | Reached * piety under Nemelex Xobeh
  6830 | D:7      | Received a gift from Nemelex Xobeh
  6845 | D:7      | Found a broken altar of Ashenzari.
  6907 | D:7      | Found a sand-covered staircase.
  6942 | D:7      | Reached skill level 2 in Maces & Flails
  6986 | Ossuary  | Entered an ossuary
  7058 | Ossuary  | Reached XP level 9. HP: 65/65 MP: 15/15
  7274 | Ossuary  | Reached skill level 3 in Maces & Flails
  8010 | D:7      | Reached skill level 4 in Maces & Flails
  8010 | D:7      | Reached skill level 5 in Invocations
  8274 | D:7      | Reached skill level 5 in Evocations
  8693 | D:7      | Reached ** piety under Nemelex Xobeh
  9115 | D:7      | Learned a level 4 spell: Animate Dead
  9121 | D:7      | Learned a level 5 spell: Agony
  9131 | D:8      | Reached skill level 5 in Maces & Flails
  9138 | D:8      | Reached XP level 10. HP: 41/71 MP: 11/16
  9244 | D:8      | Got Guinu's Opusculum on Austromancy and Enchantment
 10243 | D:9      | Noticed Grum
 10265 | D:9      | Reached skill level 6 in Maces & Flails
 10267 | D:9      | Killed Grum
 10776 | D:9      | Noticed a gargoyle
 10812 | D:9      | Received a gift from Nemelex Xobeh
 10831 | D:9      | Killed a gargoyle
 10841 | D:9      | Reached skill level 7 in Maces & Flails
 11247 | D:9      | Reached *** piety under Nemelex Xobeh
 11330 | D:9      | Reached XP level 11. HP: 30/77 MP: 11/17
 11337 | D:9      | Reached skill level 8 in Maces & Flails
 11743 | D:9      | Found a staircase to the Lair.
 12090 | D:10     | Entered Level 10 of the Dungeon
 12157 | D:10     | Got Pyuq's Lectures on the Quantum Tundra
 12447 | D:10     | Found a shadowy altar of Dithmenos.
 13389 | D:10     | Noticed a two-headed ogre
 13390 | D:10     | Banished a two-headed ogre
 13398 | D:10     | Noticed a tengu warrior
 13445 | D:10     | Killed a tengu warrior
 13589 | D:10     | Noticed a boulder beetle
 13606 | D:10     | Identified the +4 battleaxe of the Skies Above {heavy,
                  | *Noise rF++ Dex+4 SInv}
 13606 | D:10     | Noticed a tengu warrior
 13607 | D:10     | Killed a boulder beetle
 13621 | D:10     | Killed a tengu warrior
 13659 | D:10     | Noticed a centaur warrior
 13853 | D:10     | Identified the +0 pair of gloves of Lyxkocw {rC+++ Int-5
                  | SInv Stlth+}
 13878 | D:10     | Noticed an orc knight
 13893 | D:10     | Noticed a death knight
 13894 | D:10     | Killed an orc knight
 13895 | D:10     | Reached skill level 5 in Dodging
 13895 | D:10     | Received a gift from Nemelex Xobeh
 14016 | D:10     | Identified the +9 long sword of Dull Tenacity {drain,
                  | +Blink rCorr Dex+6 SInv}
 14016 | D:10     | Noticed a tengu warrior
 14024 | D:9      | Killed a tengu warrior
 14175 | D:10     | Noticed a centaur warrior
 14186 | D:10     | Killed a centaur warrior
 14246 | D:10     | Noticed a deep elf pyromancer
 14259 | D:10     | Killed a deep elf pyromancer
 14543 | D:10     | Found a runed translucent door.
 14588 | D:10     | Noticed a two-headed ogre
 14599 | D:10     | Killed a two-headed ogre
 14727 | D:10     | Reached **** piety under Nemelex Xobeh
 14773 | D:10     | Killed a death knight
 14774 | D:10     | Reached XP level 12. HP: 65/83 MP: 4/18
 14872 | D:10     | Noticed a catoblepas
 14873 | D:10     | Noticed an ogre mage
 14989 | D:10     | Killed a centaur warrior
 15646 | D:11     | Reached skill level 10 in Necromancy
 15755 | D:11     | Noticed Lodul
 15764 | D:11     | Killed Lodul
 15765 | D:11     | Reached skill level 9 in Maces & Flails
 15805 | D:11     | Noticed a two-headed ogre
 15812 | D:11     | Killed a two-headed ogre
 15903 | D:11     | Found a staircase to the Orcish Mines.
 15945 | D:11     | Your ally Lodul died
 16032 | D:11     | Noticed a boulder beetle
 16034 | D:11     | Noticed a two-headed ogre
 16045 | D:11     | Received a gift from Nemelex Xobeh
 16102 | D:11     | Noticed Harold
 16309 | D:11     | Killed a two-headed ogre
 16310 | D:11     | Reached skill level 10 in Maces & Flails
 16511 | D:11     | Reached skill level 5 in Stealth
 16553 | D:11     | Killed a boulder beetle
 17090 | Lair:1   | Entered Level 1 of the Lair of Beasts
 17090 | Lair:1   | Received a gift from Nemelex Xobeh
 17332 | Lair:1   | Received a gift from Nemelex Xobeh
 17689 | Lair:1   | Gained mutation: You are strongly in touch with the powers
                  | of death. [Mummy growth]
 17689 | Lair:1   | Reached XP level 13. HP: 88/88 MP: 19/19
 17690 | Lair:1   | Received a gift from Nemelex Xobeh
 17695 | Lair:1   | Reached ***** piety under Nemelex Xobeh
 18140 | Lair:1   | Received a gift from Nemelex Xobeh
 18474 | Lair:2   | Reached skill level 11 in Maces & Flails
 18966 | Lair:2   | Reached skill level 12 in Maces & Flails
 19065 | Lair:2   | Identified the +2 hand axe of Departure {heavy, rC- Str+4}
 19402 | Lair:3   | Received a gift from Nemelex Xobeh
 19488 | Lair:3   | Found a staircase to the Shoals.
 19855 | Lair:3   | Reached skill level 10 in Stealth
 20357 | Lair:3   | Found a hole to the Spider Nest.
 20478 | Lair:3   | Received a gift from Nemelex Xobeh
 21028 | Lair:4   | Received a gift from Nemelex Xobeh
 21150 | Lair:4   | Reached XP level 14. HP: 83/95 MP: 19/21
 21387 | Lair:4   | Reached skill level 10 in Invocations
 21393 | Lair:4   | Reached skill level 13 in Maces & Flails
 21503 | Lair:4   | Received a gift from Nemelex Xobeh
 21603 | Lair:4   | Found a runed translucent gate.
 21603 | Lair:4   | Found a runed translucent gate.
 21603 | Lair:4   | Found a runed translucent gate.
 21604 | Lair:4   | Noticed Catyentaxio's ghost (journeyman MfBe)
 22101 | Lair:5   | Entered Level 5 of the Lair of Beasts
 22341 | Lair:5   | Received a gift from Nemelex Xobeh
 22487 | Lair:5   | Received a gift from Nemelex Xobeh
 22616 | Lair:5   | Killed from afar by a hell hound

Illustrated notes

Levels and vault maps discovered:
D:1:      moated_graveyard_arrival, layout_loops_corners, hex_medium
D:2:      layout_basic
D:3:      layout_basic, fedhas_ov_isle_minmay, dreamdust_princess_corridor
D:4:      cheibrodos_helix_gallery, layout_gridville,
          mainiacjoe_overflow_boulevard, chequers_jeans
D:5:      layout_cave_pools, minmay_temple_entry_proselytizer,
          ebering_ghost_sewer_d, minmay_fractal_squares_gapless_5,
          uniq_blork_the_orc, uniq_edmund, uniq_crazy_yiuf_cottage
D:6:      layout_basic
D:7:      kennysheep_spiral_hall, layout_basic, nicolae_ashenzari_panopticon,
          nicolae_ossuary_entry_catacombs
D:8:      layout_rooms
D:9:      layout_long_grid, old_standard_altar, lair_entry_dummy,
          grunt_ministairs_12, uniq_grum
D:10:     minmay_the_grid_triangle_9x9_recursive_2
          [minmay_the_grid_triangle_9x9_prize_insulated,
          minmay_the_grid_triangle_9x9_zippers_vertical,
          minmay_the_grid_triangle_9x9_checkered,
          minmay_the_grid_triangle_9x9_subtriangle], layout_loops_corners,
          marbit_many_paths, minmay_misc_feat_alley, chequers_decorated_corner,
          chequers_big_river
D:11:     layout_irregular_city, minmay_orc_entry_temple_small,
          serial_column_ruins, column_ruins_grid_2, column_ruins_open_tiny,
          column_ruins_grid_4, column_ruins_grid_1, column_ruins_corridor_plus,
          uniq_harold, uniq_lodul
Temple:   minmay_temple_bridge_d
Lair:1:   layout_layer_cave, minivault_24, st_stairs_3,
          infiniplex_staircase_pool, grunt_megastairs_5
Lair:2:   layout_cellular_growth, nicolae_quartered_pool_little
Lair:3:   kb_forest_paths, layout_chaotic_city, shoals_dummy_entry,
          spider_nest_entry_funnel_web
Lair:4:   minmay_lair_oklob_tunnel, layout_regular_city,
          gammafunk_ghost_necromancy, nicolae_lair_grazing_beasts
          [nicolae_sub_lair_graze_edge, nicolae_sub_lair_graze_edge,
          nicolae_sub_lair_graze_edge, nicolae_sub_lair_graze_edge],
          lemuel_fruit_fields
Lair:5:   hangedman_lair_caniforms_friends, layout_layer_cave,
          dpeg_slime_entry_enclosed

Skill      XL: |  1  2  3  4  5  6  7  8  9 10 11 12 13 14 |
---------------+-------------------------------------------+-----
Stealth        | 2 3 4 8 11 12 | 12.0
Spellcasting   | 3 4 |  4.0
Necromancy     | 5 6 9 10 | 10.0
Shields        | 3 4 |  4.0
Fighting       | 2 4 |  4.0
Evocations     | 2 3 5 |  5.0
Invocations    | 1 3 6 8 9 11 | 11.1
Maces & Flails | 2 5 7 8 10 12 13 | 13.7
Dodging        | 6 |  6.0

Action                   |  1- 3 |  4- 6 |  7- 9 | 10-12 | 13-15 || total
-------------------------+-------+-------+-------+-------+-------++-------
Melee: Dagger            |    81 |   142 |    12 |     5 |       ||   240
       Unarmed           |     1 |       |       |       |       ||     1
       Punch             |     1 |       |       |       |       ||     1
       Whip              |       |     1 |   549 |   373 |       ||   923
       Flail             |       |       |       |   183 |   375 ||   558
       Long sword        |       |       |       |     4 |       ||     4
 Cast: Necrotise         |    20 |    49 |    88 |    39 |     5 ||   201
       Vampiric Draining |       |     1 |    15 |    71 |    28 ||   115
       Animate Dead      |       |       |       |    11 |     9 ||    20
       Agony             |       |       |       |     3 |       ||     3
Invok: Draw Destruction  |       |       |     4 |    17 |     8 ||    29
       Draw Summoning    |       |       |       |     7 |     2 ||     9
       Draw Escape       |       |       |       |     5 |     4 ||     9
       Triple Draw       |       |       |       |     1 |       ||     1
       Deal Four         |       |       |       |       |     3 ||     3
Evoke: Wand              |       |     1 |     6 |    21 |       ||    28
       Condenser vane    |       |       |       |     1 |     2 ||     3
       Phantom mirror    |       |       |       |       |     1 ||     1
  Use: Scroll            |     1 |     3 |     3 |     5 |     3 ||    15
 Stab: Sleeping          |    10 |     5 |     6 |     5 |     6 ||    32
       Distracted        |       |     1 |       |     7 |    11 ||    19
Armor: Robe              |     8 |    26 |    19 |       |       ||    53
       Leather armour    |       |       |   174 |   202 |   139 ||   515
Dodge: Dodged            |    35 |    78 |   255 |   352 |   327 ||  1047
Block: Buckler           |       |     6 |   125 |   197 |   127 ||   455

Table legend: (Time is in decaauts)
 A = Elapsed time spent in this place.
 B = Non-inter-level travel time spent in this place.
 C = Inter-level travel time spent in this place.
 D = Time resting spent in this place.
 E = Time spent auto-exploring this place.
 F = Levels seen in this place.
 G = Mean time per level.
                   A        B        C        D        E       F      G
               +--------+--------+--------+--------+--------+-----+--------+
         Total |  22737 |  21651 |   1086 |   2055 |  14062 |  18 | 1263.2 |
       Dungeon |  15953 |  15158 |    795 |   1714 |   9802 |  11 | 1450.3 |
        Temple |    381 |    233 |    148 |      0 |    214 |   1 |  381.0 |
          Lair |   5626 |   5483 |    143 |    335 |   3656 |   5 | 1125.2 |
       Ossuary |    775 |    775 |      0 |      6 |    390 |   1 |  775.0 |
               +--------+--------+--------+--------+--------+-----+--------+

Top non-repeatable levels by time:
    D:10: 3110 daAuts
     D:8: 1742 daAuts
    D:11: 1699 daAuts
     D:7: 1661 daAuts
  Lair:3: 1566 daAuts
     D:9: 1414 daAuts
  Lair:1: 1403 daAuts
  Lair:4: 1230 daAuts
     D:5: 1182 daAuts
     D:4: 1155 daAuts
     D:6: 1127 daAuts
     D:1: 1022 daAuts
  Lair:2: 966 daAuts
     D:2: 960 daAuts
     D:3: 876 daAuts
